 Dungeon Crawl Stone Soup version 0.29-a0-542-g075992c915 (webtiles) character file.

Game seed: 6735551214882460565

174 YayAnonymity the Shield-Bearer (level 5, -25/47 HPs)
             Began as a Gnoll Fighter on June 4, 2022.
             Killed from afar by Ijyb (32 damage)
             ... with a bolt of acid
             ... on level 3 of the Dungeon.
             The game lasted 00:02:27 (2293 turns).

YayAnonymity the Shield-Bearer (Gnoll Fighter)      Turns: 2293, Time: 00:02:28

Health: -25/47     AC:  7    Str: 18    XL:     5   Next: 54%
Magic:  7/7        EV:  9    Int:  7    God:
Gold:   170        SH:  5    Dex: 11    Spells: 7/7 levels left

rFire   + . .      SeeInvis .   a - +0 trident
rCold   + . .      Faith    .   c - +0 buckler
rNeg    . . .      Spirit   .   b - +0 scale mail
rPois   .          Reflect  .   (no helmet)
rElec   .          Harm     .   f - scarf {rC+ rF+}
rCorr   .          Rampage  .   (no gloves)
Will    .....                   (no boots)
Stlth   ..........              (no amulet)
HPRegen 0.15/turn               (no ring)
MPRegen 0.10/turn               (no ring)

@: no status effects
A: fangs 1, strong nose, distributed training
a: no special abilities


You were on level 3 of the Dungeon.
You visited 1 branch of the dungeon, and saw 3 of its levels.

You collected 170 gold pieces.

Inventory:

Hand Weapons
 a - a +0 trident (weapon)
Missiles
 q - 4 poisoned darts (quivered)
Armour
 b - a +0 scale mail (worn)
 c - a +0 buckler (worn)
 f - a scarf of resistance (worn)
Scrolls
 d - a scroll of fear {unknown}
 e - 3 scrolls of identify
 g - 2 scrolls of fog {unknown}
 h - a scroll of summoning {unknown}
 k - a scroll of torment {unknown}
 l - a scroll of teleportation {unknown}
 m - a scroll of immolation {unknown}
 n - a scroll of enchant armour {unknown}
 p - a scroll of blinking {unknown}
 r - a scroll of poison {unknown}
Potions
 i - a potion of curing
 j - a potion of berserk rage
 o - a potion of flight
 s - a potion of resistance {unknown}


   Skills:
 + Level 6.7 Fighting
 + Level 1.5 Short Blades
 + Level 1.5 Long Blades
 + Level 1.5 Axes
 + Level 1.5 Maces & Flails
 + Level 4.8 Polearms
 + Level 1.5 Staves
 + Level 1.5 Slings
 + Level 1.5 Bows
 + Level 1.5 Crossbows
 + Level 1.5 Throwing
 + Level 6.7 Armour
 + Level 1.5 Dodging
 + Level 1.5 Stealth
 + Level 6.7 Shields
 + Level 1.5 Unarmed Combat
 + Level 1.5 Spellcasting
 + Level 1.2 Conjurations
 + Level 1.2 Hexes
 + Level 1.2 Summonings
 + Level 1.2 Necromancy
 + Level 1.2 Translocations
 + Level 1.2 Transmutations
 + Level 1.2 Fire Magic
 + Level 1.2 Ice Magic
 + Level 1.2 Air Magic
 + Level 1.2 Earth Magic
 + Level 1.2 Poison Magic
 + Level 1.7 Invocations
 + Level 1.5 Evocations


You had 7 spell levels left.
You didn't know any spells.
Your spell library contained the following spells:

 Spells                   Type           Power      Damage    Failure   Level
 Summon Small Mammal      Summ           8%         N/A       65%         1
 Call Canine Familiar     Summ           2%         N/A       95%         3
 Ignite Poison            Fire/Tmut/Pois 2%         N/A       95%         3
 Mephitic Cloud           Conj/Pois/Air  2%         N/A       95%         3
 Summon Guardian Golem    Hex/Summ       2%         N/A       95%         3
 Freezing Cloud           Conj/Ice/Air   1%         6-21      100%        5


Dungeon Overview and Level Annotations

Branches:
Dungeon (3/15)

Altars:

Annotations:
D:3 Ijyb


Innate Abilities, Weirdness & Mutations

You have very sharp teeth.
Your uncanny sense of smell can sniff out nearby items.
Your experience applies equally to all skills.


Message History

Ijyb hits you but does no damage.
You closely miss Ijyb.
Ijyb is moderately wounded.
Ijyb hits you but does no damage.
You barely miss Ijyb.
Ijyb is moderately wounded.
Ijyb hits you but does no damage.
You puncture Ijyb! You bite Ijyb, but do no damage.
Ijyb is heavily wounded.
Ijyb hits you but does no damage.
You hit Ijyb but do no damage.
Ijyb is heavily wounded.
Ijyb hits you but does no damage.
You hit Ijyb but do no damage.
Ijyb is heavily wounded.
Ijyb zaps a wand.
The bolt of acid hits you!!!
Ouch! That really hurt!
* * * LOW HITPOINT WARNING * * *
You closely miss Ijyb. You bite Ijyb.
Ijyb is heavily wounded.
Ijyb barely misses you. You block Ijyb's attack.
You hit Ijyb.
Ijyb is heavily wounded.
Ijyb hits you but does no damage.
You hit Ijyb but do no damage.
Ijyb is heavily wounded.
Ijyb hits you but does no damage.
You hit Ijyb but do no damage.
Ijyb is heavily wounded.
Ijyb hits you with a +0 dagger.
* * * LOW HITPOINT WARNING * * *
You hit Ijyb.
Ijyb is severely wounded.
Ijyb hits you with a +0 dagger.
* * * LOW HITPOINT WARNING * * *
You hit Ijyb.
Ijyb is almost dead.
Ijyb zaps a wand.
The bolt of acid hits you!!
Ouch! That really hurt!
You die...

### #<# #.# #.# #.#
#.######## #g#......#
#@#.####.# ###### #.#.#
#.# ....>###########.#.#
#.# #.#..............#.#
#.# ...#.....#########.#
#.# .....#...†.........#
#.#
)..#.#.#.##############.#
...#...#..............#.#
.#.############...^...#.#


You could see Ijyb.

Vanquished Creatures
  An orc priest (D:3)
  Jessica (D:3)
  Natasha (D:2)
  An orc wizard (D:3)
  An adder (D:2)
  A worm (D:2)
  5 orcs (D:3)
  2 bats
  3 endoplasms
  2 giant cockroaches (D:3)
  7 goblins
  3 hobgoblins
  2 jackals (D:2)
  4 kobolds
  5 quokkas
  2 ball pythons
  8 frilled lizards
  3 rats
52 creatures vanquished.

Vanquished Creatures (others)
  9 plants (D:1)
9 creatures vanquished.

Grand Total: 61 creatures vanquished

Notes
Turn   | Place    | Note
-------+----------+-------------------------------------------
     0 | D:1      | YayAnonymity the Gnoll Fighter began the quest for the Orb.
     0 | D:1      | Reached XP level 1. HP: 23/23 MP: 1/1
    86 | D:1      | Found a faded altar of an unknown god.
   124 | D:1      | Reached XP level 2. HP: 29/29 MP: 2/2
   658 | D:2      | Noticed Natasha
   939 | D:1      | Reached XP level 3. HP: 35/35 MP: 3/3
   957 | D:2      | Killed Natasha
   958 | D:2      | Reached skill level 1 in Short Blades
   958 | D:2      | Reached skill level 1 in Long Blades
   958 | D:2      | Reached skill level 1 in Axes
   958 | D:2      | Reached skill level 1 in Maces & Flails
   958 | D:2      | Reached skill level 1 in Staves
   958 | D:2      | Reached skill level 1 in Slings
   958 | D:2      | Reached skill level 1 in Bows
   958 | D:2      | Reached skill level 1 in Crossbows
   958 | D:2      | Reached skill level 1 in Throwing
   958 | D:2      | Reached skill level 1 in Dodging
   958 | D:2      | Reached skill level 1 in Stealth
   958 | D:2      | Reached skill level 1 in Unarmed Combat
   958 | D:2      | Reached skill level 1 in Spellcasting
   958 | D:2      | Reached skill level 1 in Invocations
   958 | D:2      | Reached skill level 1 in Evocations
  1228 | D:2      | Reached XP level 4. HP: 41/41 MP: 5/5
  1339 | D:2      | You fall into a shaft and drop 1 floor!
  1482 | D:3      | Reached skill level 1 in Conjurations
  1482 | D:3      | Reached skill level 1 in Hexes
  1482 | D:3      | Reached skill level 1 in Summonings
  1482 | D:3      | Reached skill level 1 in Necromancy
  1482 | D:3      | Reached skill level 1 in Translocations
  1482 | D:3      | Reached skill level 1 in Transmutations
  1482 | D:3      | Reached skill level 1 in Fire Magic
  1482 | D:3      | Reached skill level 1 in Ice Magic
  1482 | D:3      | Reached skill level 1 in Air Magic
  1482 | D:3      | Reached skill level 1 in Earth Magic
  1482 | D:3      | Reached skill level 1 in Poison Magic
  1496 | D:3      | Reached XP level 5. HP: 18/47 MP: 5/7
  1872 | D:3      | Noticed Jessica
  1876 | D:3      | Killed Jessica
  2277 | D:3      | Noticed Ijyb
  2293 | D:3      | Killed from afar by Ijyb

Illustrated notes

Levels and vault maps discovered:
D:1:      dpeg_arrival_more_subterranean_lakeside_camping, layout_basic,
          shapermc_ecumenical_altar_venn, minmay_lizard_king
D:2:      layout_rooms, nrook_mini_backslash, uniq_natasha, uniq_sigmund
D:3:      layout_basic, uniq_jessica, uniq_ijyb

Skill      XL: |  1  2  3  4 |
---------------+-------------+-----
Short Blades   | 1 |  1.5
Long Blades    | 1 |  1.5
Axes           | 1 |  1.5
Maces & Flails | 1 |  1.5
Staves         | 1 |  1.5
Slings         | 1 |  1.5
Bows           | 1 |  1.5
Crossbows      | 1 |  1.5
Throwing       | 1 |  1.5
Dodging        | 1 |  1.5
Stealth        | 1 |  1.5
Unarmed Combat | 1 |  1.5
Spellcasting   | 1 |  1.5
Invocations    | 1 |  1.7
Evocations     | 1 |  1.5
Conjurations   | 1 |  1.2
Hexes          | 1 |  1.2
Summonings     | 1 |  1.2
Necromancy     | 1 |  1.2
Translocations | 1 |  1.2
Transmutations | 1 |  1.2
Fire Magic     | 1 |  1.2
Ice Magic      | 1 |  1.2
Air Magic      | 1 |  1.2
Earth Magic    | 1 |  1.2
Poison Magic   | 1 |  1.2
Fighting       | |  6.7
Polearms       | |  4.8
Armour         | |  6.7
Shields        | |  6.7

Action                   |  1- 3 |  4- 6 || total
-------------------------+-------+-------++-------
Melee: Trident           |    85 |    84 ||   169
       Bite              |     7 |     6 ||    13
  Use: Scroll            |       |     3 ||     3
       Potion            |       |     1 ||     1
Armor: Scale mail        |    31 |    32 ||    63
Dodge: Dodged            |    35 |    17 ||    52
Block: Buckler           |    19 |    10 ||    29

Table legend: (Time is in decaauts)
 A = Elapsed time spent in this place.
 B = Non-inter-level travel time spent in this place.
 C = Inter-level travel time spent in this place.
 D = Time resting spent in this place.
 E = Time spent auto-exploring this place.
 F = Levels seen in this place.
 G = Mean time per level.
                   A        B        C        D        E       F      G
               +--------+--------+--------+--------+--------+-----+--------+
         Total |   2338 |   2313 |     25 |    496 |   1397 |   3 |  779.3 |
       Dungeon |   2338 |   2313 |     25 |    496 |   1397 |   3 |  779.3 |
               +--------+--------+--------+--------+--------+-----+--------+

Top non-repeatable levels by time:
     D:1: 1153 daAuts
     D:3: 961 daAuts
     D:2: 223 daAuts
